 Dungeon Crawl Stone Soup version 0.32-a0-86-g8db1b9f803 (webtiles) character file.

Game seed: 3360664589016184654

1666 Atlas the Thaumaturge (level 8, -4/41 HPs)
             Began as a Deep Elf Fire Elementalist on Feb 6, 2024.
             Was a Follower of Vehumet.
             Slain by an ogre
             ... wielding a +0 giant club
              (18 damage)
             ... on level 5 of the Dungeon.
             The game lasted 00:06:47 (4897 turns).

Atlas the Thaumaturge (Deep Elf Fire Elementalist)  Turns: 4897, Time: 00:06:49

Health: -4/41      AC:  4    Str:  5    XL:     8   Next: 69%
Magic:  20/23      EV: 12    Int: 23    God:    Vehumet [*.....]
Gold:   237        SH:  0    Dex: 15    Spells: 18/25 levels left

rFire   . . .        q - +2 dagger (elec)
rCold   . . .        (no shield)
rNeg    + . .        j - +0 leather armour
rPois   .            u - +0 helmet
rElec   .            (no cloak)
rCorr   .            (no gloves)
SInv    .            (no boots)
Will    .....        r - amulet of magic regeneration
Stlth   ++           v - ring of positive energy
HPRegen 0.26/turn    (no ring)
MPRegen 0.58/turn

%: no passive effects
@: no status effects
A: no striking features
a: Renounce Religion


You were on level 5 of the Dungeon.
You worshipped Vehumet.
Vehumet was aware of your devotion.
You visited 2 branches of the dungeon, and saw 6 of its levels.

You collected 237 gold pieces.

Inventory:

Hand Weapons
 q - a +2 dagger of electrocution (weapon)
Armour
 j - a +0 leather armour (worn)
 u - a +0 helmet (worn)
Jewellery
 l - an amulet of regeneration
 r - an amulet of magic regeneration (around neck)
 v - a ring of positive energy (left hand)
Wands
 p - a wand of acid (5)
 t - a wand of paralysis (6)
 w - a wand of polymorph (9)
Scrolls
 a - 2 scrolls of poison {unknown}
 c - 2 scrolls of fog {unknown}
 d - 4 scrolls of identify {unknown}
 e - a scroll of teleportation {unknown}
 g - a scroll of blinking {unknown}
 h - a scroll of revelation {unknown}
 i - a scroll of fear {unknown}
 m - a scroll of vulnerability {unknown}
 n - 3 scrolls of amnesia {unknown}
 x - a scroll of enchant armour {unknown}
Potions
 b - a potion of magic
 f - 2 potions of invisibility {unknown}
 k - 3 potions of curing {unknown}
 o - a potion of cancellation {unknown}
 s - a potion of heal wounds {unknown}


   Skills:
 + Level 1.3 Armour
 + Level 3.1 Dodging
 - Level 2.5 Stealth
 + Level 0.2 Unarmed Combat
 + Level 9.3 Spellcasting
 + Level 4.7 Conjurations
 + Level 8.4 Fire Magic


You had 18 spell levels left.
You knew the following spells:

 Your Spells              Type           Power      Damage    Failure   Level
a - Scorch                Fire           98%        2d9       1%          2
b - Foxfire               Conj/Fire      100%       2x1d9     1%          1
c - Flame Wave            Conj/Fire      41%        2d11      6%          4

Your spell library contained the following spells:

 Spells                   Type           Power      Damage    Failure   Level
 Shock                    Conj/Air       84%        1d8       3%          1
 Magic Dart               Conj           100%       1d8       1%          1
 Searing Ray              Conj           64%        2d6       1%          2
 Inner Flame              Hex/Fire       30%        N/A       5%          3
 Volatile Blastmotes      Fire/Tloc      60%        2d15      5%          3
 Blink                    Tloc           20%        N/A       14%         2
 Call Imp                 Summ           20%        N/A       14%         2
 Fulminant Prism          Conj/Alch      10%        3d8       36%         4
 Summon Cactus Giant      Summ           5%         N/A       100%        6


Dungeon Overview and Level Annotations

Branches:
Dungeon (5/15)             Temple (1/1) D:4

Altars:
Cheibriados
Dithmenos
Elyvilon
Gozag
Hepliaklqana
Kikubaaqudgha
Makhleb
Nemelex Xobeh
Okawaru
Ru
Sif Muna
Trog
Vehumet
Xom
Yredelemnul
Zin
The Shining One


Message History

The iguana is lightly wounded.
Casting: Foxfire (safe; 1% risk of failure)
Confirm with . or Enter, or press ? or * to list all spells.
Flames lash the iguana.
The iguana is heavily wounded.
The iguana's fire resistance burns away.
You hear an angry hiss.
Casting: Scorch (safe; 1% risk of failure)
Confirm with . or Enter, or press ? or * to list all spells.
Flames lash the iguana.
The iguana is burned terribly!
You kill the iguana!
Vehumet accepts your kill.
Casting: Scorch (safe; 1% risk of failure)
Confirm with . or Enter, or press ? or * to list all spells.
You can't see any susceptible monsters within range! (Use Z to cast anyway.)
An ogre comes into view. It is wielding a +0 giant club.
An iguana comes into view.
The iguana hisses angrily.
You conjure some foxfire!
You conjure some foxfire!
The foxfire hits the ogre.
The ogre is lightly wounded.
You conjure some foxfire!
The foxfire hits the iguana but does no damage.
The foxfire hits the iguana.
The iguana is lightly wounded.
The foxfire hits the iguana!
The iguana is severely wounded.
The ogre hits you with a +0 giant club!!
Ouch! That really hurt!
The foxfire hits the iguana but does no damage.
The iguana is severely wounded.
The foxfire hits the ogre!
The ogre is heavily wounded.
Casting: Foxfire (safe; 1% risk of failure)
Confirm with . or Enter, or press ? or * to list all spells.
Flames lash the iguana.
The iguana is severely wounded.
The iguana's fire resistance burns away.
The ogre hits you with a +0 giant club!!
You die...

.~.~.~.~.~.~..............
♣...♣...♣...######........
.~.~.~.~.~.~# ##.......
..♣...♣...♣.# #........
.~.~.~.~.~.~### #........
♣...♣...♣...... #...:....
.~.~.~.~.~.~##.###........
..♣...♣...♣.##...Ol.......
.~.~.~.~.~.~###.@##.......
♣...♣...♣.......## #.....#
.~.~.~.~.~.~..### ######
..♣...♣...♣..##
.~.~.~.~.~.###
############


You could see an ogre and an iguana (combustible).

Vanquished Creatures
  Pikel (D:4)
  Eustachio (D:5)
  2 ogres (D:4)
  A phantom (D:4)
  A lemure (D:5)
  2 scorpions (D:5)
  3 jellies (D:2)
  3 hounds
  A bombardier beetle (D:5)
  3 orc priests (D:5)
  A sleepcap (D:5)
  Ijyb (D:4)
  4 iguanas
  5 orc wizards
  6 adders
  A white imp (D:5)
  3 dart slugs
  4 ribbon worms
  6 orcs
  8 bats
  9 endoplasms
  5 giant cockroaches
  5 goblins
  6 hobgoblins
  2 jackals (D:4)
  3 quokkas
  3 ball pythons
  3 frilled lizards
  11 kobolds
  4 rats
108 creatures vanquished.

Vanquished Creatures (collateral kills)
  A foxfire (D:3)
1 creature vanquished.

Vanquished Creatures (others)
  520 foxfires
520 creatures vanquished.

Grand Total: 629 creatures vanquished

Notes
Turn   | Place    | Note
-------+----------+-------------------------------------------
     0 | D:1      | Atlas the Deep Elf Fire Elementalist began the quest for
                  | the Orb.
     0 | D:1      | Reached XP level 1. HP: 10/10 MP: 6/6
   534 | D:1      | Reached XP level 2. HP: 15/15 MP: 4/8
  1567 | D:2      | Reached XP level 3. HP: 19/19 MP: 6/10
  2106 | D:2      | Reached XP level 4. HP: 24/24 MP: 6/11
  2109 | D:2      | Learned a level 2 spell: Scorch
  2157 | D:2      | Found a burning altar of Makhleb.
  2157 | D:2      | Found an ancient bone altar of Kikubaaqudgha.
  2157 | D:2      | Found a bloodstained altar of Trog.
  2157 | D:2      | Found a sacrificial altar of Ru.
  2157 | D:2      | Found a shadowy altar of Dithmenos.
  2157 | D:2      | Found a shimmering altar of Xom.
  2175 | D:2      | Reached skill level 4 in Spellcasting
  2177 | D:2      | Reached XP level 5. HP: 28/28 MP: 4/13
  3067 | D:3      | Reached skill level 5 in Fire Magic
  3173 | D:3      | Reached skill level 5 in Spellcasting
  3459 | D:3      | Found an ancient bone altar of Kikubaaqudgha.
  3749 | D:4      | Noticed a phantom
  3754 | D:4      | Killed a phantom
  3755 | D:4      | Reached XP level 6. HP: 32/32 MP: 10/16
  3958 | D:4      | Reached skill level 1 in Armour
  3977 | D:4      | Found a staircase to the Ecumenical Temple.
  3998 | D:4      | Reached skill level 6 in Spellcasting
  4007 | Temple   | Entered the Ecumenical Temple
  4020 | Temple   | Became a worshipper of Vehumet
  4106 | D:4      | Reached XP level 7. HP: 36/36 MP: 12/18
  4318 | D:5      | Entered Level 5 of the Dungeon
  4356 | D:5      | Noticed Pikel
  4364 | D:5      | Noticed Ijyb
  4374 | D:4      | Killed Pikel
  4375 | D:4      | Reached skill level 7 in Spellcasting
  4375 | D:4      | Reached XP level 8. HP: 27/41 MP: 15/21
  4434 | D:4      | Killed Ijyb
  4435 | D:4      | Reached skill level 8 in Spellcasting
  4449 | D:4      | Learned a level 4 spell: Flame Wave
  4466 | D:5      | Found a shimmering blue altar of Sif Muna.
  4504 | D:5      | Noticed Eustachio
  4519 | D:5      | Killed Eustachio
  4683 | D:5      | Reached skill level 9 in Spellcasting
  4721 | D:5      | Reached * piety under Vehumet
  4721 | D:5      | Offered knowledge of Shock by Vehumet.
  4897 | D:5      | Slain by an ogre

Illustrated notes

Levels and vault maps discovered:
D:1:      ebering_trefoil_twist, layout_loops_corners
D:2:      cheibrodos_fertilizer, layout_basic
D:3:      layout_rooms, mainiacjoe_overflow_tiny_flanked, st_stairs_12,
          reono_crystal_passage
D:4:      layout_rooms, minmay_temple_entry_glass, minmay_curled_crystal
D:5:      layout_rooms, nicolae_sif_muna_condensation, kennysheep_crisscross,
          minivault_26, uniq_eustachio, uniq_pikel, uniq_ijyb
Temple:   compressed_dpeg_circular_temple

Skill      XL: |  1  2  3  4  5  6  7  8 |
---------------+-------------------------+-----
Conjurations   | 2 3 4 |  4.7
Fire Magic     | 4 5 6 8 |  8.4
Spellcasting   | 4 5 6 7 9 |  9.3
Armour         | 1 |  1.3
Dodging        | 3 |  3.1
Stealth        | |  2.5
Unarmed Combat | |  0.2

Action                     |  1- 3 |  4- 6 |  7- 9 || total
---------------------------+-------+-------+-------++-------
  Melee: Unarmed           |     2 |       |     5 ||     7
         Dagger            |       |     1 |     1 ||     2
   Cast: Foxfire           |    85 |   125 |    92 ||   302
         Scorch            |       |    30 |    20 ||    50
 Armour: Leather armour    |    16 |     7 |     8 ||    31
         Robe              |     1 |       |       ||     1
         Skin              |       |       |     3 ||     3
  Dodge: Dodged            |    15 |     7 |     9 ||    31

Table legend: (Time is in decaauts)
 A = Elapsed time spent in this place.
 B = Non-inter-level travel time spent in this place.
 C = Inter-level travel time spent in this place.
 D = Time resting spent in this place.
 E = Time spent auto-exploring this place.
 F = Levels seen in this place.
 G = Mean time per level.
                   A        B        C        D        E       F      G
               +--------+--------+--------+--------+--------+-----+--------+
         Total |   4898 |   4667 |    231 |    153 |   3749 |   6 |  816.3 |
       Dungeon |   4875 |   4660 |    215 |    153 |   3749 |   5 |  975.0 |
        Temple |     22 |      6 |     16 |      0 |      0 |   1 |   22.0 |
               +--------+--------+--------+--------+--------+-----+--------+

Top non-repeatable levels by time:
     D:2: 1736 daAuts
     D:1: 1237 daAuts
     D:3: 714 daAuts
     D:4: 686 daAuts
     D:5: 501 daAuts
  Temple: 22 daAuts
